 Dungeon Crawl Stone Soup version 0.20-a0-785-g17250f0 (console) character file.

4944 Grendel the Sneak (level 10, -2/114 HPs)
             Began as a Demonspawn Wanderer on Feb 27, 2017.
             Was a Believer of Sif Muna.
             Succumbed to a water moccasin's poison
             ... on level 9 of the Dungeon on Feb 28, 2017.
             The game lasted 01:40:57 (10084 turns).

Grendel the Sneak (Demonspawn Wanderer)            Turns: 10084, Time: 01:40:57

Health: -2/114     AC: 25    Str: 11      XL:     10   Next: 28%
Magic:  21/26      EV:  2    Int: 21      God:    Sif Muna [**....]
Gold:   371        SH:  0    Dex:  4 (10) Spells: 6/19 levels left

rFire    . . .     SeeInvis .   U - +9 trident of Xeetesmo {venom, MP+9}
rCold    . . .     Gourm    .   (armour currently unavailable)
rNeg     + + +     Faith    .   (no shield)
rPois    +         Spirit   .   (helmet currently unavailable)
rElec    .         Reflect  .   (cloak currently unavailable)
rCorr    .         Harm     .   (gloves currently unavailable)
MR       .....     NoTele   +   (boots currently unavailable)
Stlth    +++++.....             u - amulet of magic regeneration
Regen    0.3/turn               S - ring of teleportation (curse)
MPRegen  0.3/turn               Q - ring of stealth

@: lethally poisoned (-2 -> -30), tree-form
A: (antennae 0), (beak), (molten scales 0), clever 1, clumsy 1, (fire resistance
0), nightstalker 1, rot immunity, MP-powered wands
a: Divine Energy, Renounce Religion


You were on level 9 of the Dungeon.
You worshipped Sif Muna.
Sif Muna was pleased with you.
You were not hungry.
You were a tree.
You visited 2 branches of the dungeon, and saw 10 of its levels.
You also visited: Sewer.

You collected 504 gold pieces.
You spent 133 gold pieces at shops.

Inventory:

Hand Weapons
 a - a +2 falchion of electrocution
 b - a +0 hunting sling
 c - a +0 short sword
 C - a +2 dagger
 U - the +9 trident of Xeetesmo (weapon) {venom, MP+9}
   (You found it on level 8 of the Dungeon)

   It poisons the flesh of those it strikes.
   It affects your magic capacity (+9).
Missiles
 m - 27 poisoned needles
 r - 21 sling bullets
 v - 2 needles of confusion
 O - 2 javelins (quivered)
Armour
 G - the +4 leather armour of the Eternal Fruit (melded) {rElec rN+ Str+6 Int-3}
   (You bought it in a shop on level 5 of the Dungeon)

   It affects your strength (+6).
   It affects your intelligence (-3).
   It insulates you from electricity.
   It protects you from negative energy.
 I - a cursed +0 pair of boots (melded)
 J - a +1 pair of gloves (melded)
Magical Staves
 L - an uncursed staff of cold
Jewellery
 o - an uncursed ring of loudness
 u - an amulet of magic regeneration (around neck)
 w - an uncursed amulet of harm
 Q - a ring of stealth (left branch)
 S - a cursed ring of teleportation (right branch)
Wands
 e - a wand of confusion (27/48)
 x - a wand of flame (17/48)
 y - a wand of disintegration (4/24)
 H - a wand of acid (8/15)
 V - a wand of flame (29/48)
 X - a wand of confusion (16/48)
Scrolls
 k - 3 scrolls of identify
 n - 6 scrolls of remove curse
 p - 2 scrolls of noise {unknown}
 q - 4 scrolls of teleportation {unknown}
 F - 2 scrolls of immolation {unknown}
 R - 3 scrolls of blinking
Potions
 g - 2 potions of curing
 i - 2 potions of degeneration {unknown}
 l - 2 potions of flight {unknown}
 t - 3 potions of mutation
 A - a potion of invisibility {unknown}
 B - 2 potions of magic
 D - a potion of resistance {unknown}
 K - a potion of brilliance {unknown}
 M - 2 potions of agility {unknown}
 P - a potion of might {unknown}
Books
 E - a book of Necromancy

   Spells                             Type                      Level
   a - Pain                           Necromancy                   1
   b - Animate Skeleton               Necromancy                   1
   c - Vampiric Draining              Necromancy                   3
   d - Regeneration                   Charms/Necromancy            3
   e - Animate Dead                   Necromancy                   4
   f - Control Undead                 Necromancy                   4
 N - a book of Cantrips

   Spells                             Type                      Level
   a - Confusing Touch                Hexes                        1
   b - Animate Skeleton               Necromancy                   1
   c - Summon Small Mammal            Summoning                    1
   d - Apportation                    Translocation                1
 T - a book of Cantrips

   Spells                             Type                      Level
   a - Confusing Touch                Hexes                        1
   b - Animate Skeleton               Necromancy                   1
   c - Summon Small Mammal            Summoning                    1
   d - Apportation                    Translocation                1
Comestibles
 f - 2 bread rations
 h - a meat ration
 j - 2 fruits
 z - 6 royal jellies


   Skills:
 + Level 6.2 Fighting
 + Level 3.2(4.5) Short Blades
 + Level 4.9(5.4) Long Blades
 + Level 2.9 Polearms
 - Level 0.1(0.3) Slings
 - Level 0.3(0.4) Throwing
 + Level 4.1 Armour
 + Level 4.5 Dodging
 + Level 6.3 Stealth
   Level 1.7 Shields
 - Level 1.0 Unarmed Combat
 * Level 5.2 Spellcasting
 * Level 5.7 Necromancy
 + Level 0.2 Evocations


You had 6 spell levels left.
You knew the following spells:

 Your Spells              Type           Power        Failure   Level  Hunger
a - Animate Skeleton      Necr           N/A          1%          1    None
b - Pain                  Necr           ####         1%          1    None
c - Vampiric Draining     Necr           ####......   2%          3    ##.....
d - Control Undead        Necr           ####......   12%         4    ####...
e - Animate Dead          Necr           N/A          12%         4    ####...


Dungeon Overview and Level Annotations

Branches:
Dungeon (9/15)             Temple (1/1) D:5
   Lair: D:8-11         Orc: D:9-12

Altars:
Cheibriados
Dithmenos
Elyvilon
Fedhas
Gozag
Kikubaaqudgha
Makhleb
Nemelex Xobeh
Okawaru
Qazlal
Sif Muna
Trog
Vehumet
Wu Jian
Yredelemnul
Zin
The Shining One

Shops:
D:5 [

Annotations:
D:8 exclusion: ice statue


Innate Abilities, Weirdness & Mutations

((You have a pair of small antennae on your head.))
((You are partially covered in molten scales. (AC +2)))
((Your flesh is heat resistant. (rF+)))
You are slightly more attuned to the shadows.
You are immune to rotting.
((You have a beak for a mouth.))
Your mind is acute. (Int +2)
You are clumsy. (Dex -2)
You expend magic power (3 MP) to strengthen your wands.


Message History

You feel life coursing into your body.
* * * LOW HITPOINT WARNING * * *
You feel very sick. The water moccasin bites you.
* * * LOW HITPOINT WARNING * * *
You are more poisoned.
The water moccasin poisons you!
The orc priest calls down the wrath of Beogh upon you.
Beogh smites you!
* * * LOW HITPOINT WARNING * * *
Okay, then.
* * * LOW HITPOINT WARNING * * *
You feel sick. The water moccasin closely misses you.
An orc comes into view. It is wielding a short sword.
You turn into a tree.
Your +1 pair of gloves melds into your body.
Your cursed +0 pair of boots melds into your body.
The +4 leather armour of the Eternal Fruit {rElec rN+ Str+6 Int-3} melds into your body.
Your roots penetrate the ground.
You die...

.. # .. #..
#.##### ###
#...#.....# .#o.
#...#. #♣# .8o.
#.....###S#..ooo
#...ooo#..8o.
#....ooo{o#
#.....o...#
#...<.....#
#..##.###.# #..
.... o#
.....#.### 8
..#...#.. .
..#.. ##.


You could see an orc warrior, a water moccasin, an orc priest and 4 orcs.

Vanquished Creatures
  The ghost of Mezriss the Fighter, a novice NaMo of Wu Jian (D:8)
  An obsidian statue (D:8)
  The ghost of Gorice the Carver, an amateur BaMo (D:4)
  2 hippogriffs (D:7)
  Duvessa (D:4)
  Purgy (Sewer)
  5 orc warriors
  3 ice beasts
  2 sky beasts
  3 phantoms
  2 ogres
  A centaur (D:5)
  3 bullfrogs
  Dowan (D:4)
  A scorpion (D:8)
  5 howler monkeys
  2 bullfrog zombies (D:5)
  A crimson imp (D:6)
  A jelly (D:8)
  4 orc priests
  A gnoll shaman (D:5)
  4 hounds
  3 iguanas
  Jessica (D:3)
  4 worker ants
  Natasha (D:3)
  5 orc wizards
  2 hound skeletons
  7 gnolls (D:5)
  10 adders
  A river rat (D:3)
  2 oozes
  An adder zombie (D:7)
  An adder skeleton (D:4)
  4 worms
  7 leopard geckos
  26 orcs
  4 ball pythons
  8 bats
  8 giant cockroaches
  10 goblins
  13 hobgoblins
  17 jackals
  5 frilled lizards
  14 kobolds
  10 rats
210 creatures vanquished.

Vanquished Creatures (collateral kills)
  A jelly (D:8)
1 creature vanquished.

Grand Total: 211 creatures vanquished

Notes
Turn   | Place    | Note
-------+----------+-------------------------------------------
     0 | D:1      | Grendel the Demonspawn Wanderer began the quest for the Orb.
     0 | D:1      | Grendel set off with: a +2 dagger, a potion of heal wounds, a +0 short sword, a potion of lignification, a +0 robe, a bread ration
     0 | D:1      | Reached XP level 1. HP: 18/18 MP: 1/1
   315 | D:1      | Gained mutation: You have a pair of small antennae on your head. [demonic ancestry]
   315 | D:1      | Reached XP level 2. HP: 24/24 MP: 2/2
   520 | D:1      | HP: 1/24 [leopard gecko (4)]
   619 | D:1      | Reached XP level 3. HP: 21/29 MP: 3/3
   833 | D:1      | Reached skill level 1 in Short Blades
  1655 | D:2      | Gained mutation: You are immune to rotting. [demonic ancestry]
  1655 | D:2      | Reached XP level 4. HP: 35/35 MP: 4/4
  1899 | D:2      | Reached skill level 1 in Dodging
  1950 | D:3      | Found a bloodstained altar of Trog.
  2055 | D:3      | Noticed Natasha
  2093 | D:3      | Found a glowing drain.
  2147 | Sewer    | Entered a sewer
  2200 | Sewer    | Gained mutation: You are clumsy. (Dex -2) [potion of mutation]
  2200 | Sewer    | Gained mutation: Your mind is acute. (Int +2) [potion of mutation]
  2228 | Sewer    | Noticed Purgy
  2276 | Sewer    | Killed Purgy
  2276 | Sewer    | Gained mutation: You are slightly more attuned to the shadows. [demonic ancestry]
  2276 | Sewer    | Reached XP level 5. HP: 18/42 MP: 5/5
  2448 | D:3      | Found a basalt altar of Yredelemnul.
  2574 | D:3      | Found a white marble altar of Elyvilon.
  2692 | D:3      | Found an iron altar of Okawaru.
  2735 | D:3      | Noticed Jessica
  2762 | D:3      | Killed Jessica
  3082 | D:4      | Noticed Duvessa
  3087 | D:4      | Noticed Dowan
  3137 | D:4      | Gained mutation: You are partially covered in molten scales. (AC +2) [demonic ancestry]
  3137 | D:4      | Reached XP level 6. HP: 44/48 MP: 6/6
  3369 | D:4      | Noticed Gorice's ghost (amateur BaMo)
  3531 | D:5      | Entered Level 5 of the Dungeon
  3710 | D:5      | Learned a level 1 spell: Animate Skeleton
  3831 | D:5      | Found Sedghuq's Antique Armour Boutique.
  3836 | D:5      | Bought a shimmering leather armour for 133 gold pieces
  3846 | D:5      | Identified the +4 leather armour of the Eternal Fruit {rElec rN+ Str+6 Int-3} (You bought it in a shop on level 5 of the Dungeon)
  3879 | D:5      | Reached skill level 1 in Armour
  3879 | D:5      | Reached skill level 5 in Stealth
  3974 | D:5      | Reached skill level 1 in Long Blades
  3974 | D:5      | Reached XP level 7. HP: 44/55 MP: 7/7
  4657 | D:5      | Found a staircase to the Ecumenical Temple.
  4744 | Temple   | Entered the Ecumenical Temple
  4904 | Temple   | Became a worshipper of Sif Muna the Loreminder
  5697 | D:4      | Killed Duvessa
  5697 | D:4      | Reached skill level 5 in Fighting
  5697 | D:4      | Reached XP level 8. HP: 42/62 MP: 8/8
  5821 | D:4      | Killed Gorice's ghost
  5824 | D:4      | Killed Dowan
  6093 | D:3      | Killed Natasha
  6173 | D:6      | Reached skill level 1 in Necromancy
  6615 | D:6      | Reached skill level 1 in Spellcasting
  6774 | D:6      | Learned a level 1 spell: Pain
  6778 | D:6      | Learned a level 3 spell: Vampiric Draining
  7835 | D:7      | Gained mutation: Your flesh is heat resistant. (rF+) [demonic ancestry]
  7835 | D:7      | Reached XP level 9. HP: 50/68 MP: 12/12
  7882 | D:7      | Reached * piety under Sif Muna
  8101 | D:7      | Gained mutation: You have a beak for a mouth. [mutagenic meat]
  8455 | D:8      | Learned a level 4 spell: Control Undead
  8488 | D:8      | Got a crystal trident
  8491 | D:8      | Identified the +9 trident of Xeetesmo {venom, MP+9} (You found it on level 8 of the Dungeon)
  8581 | D:8      | Noticed an obsidian statue
  9009 | D:8      | Learned a level 4 spell: Animate Dead
  9195 | D:8      | Noticed Mezriss's ghost (novice NaMo)
  9222 | D:8      | Killed Mezriss's ghost
  9222 | D:8      | Reached ** piety under Sif Muna
  9222 | D:8      | Reached skill level 5 in Necromancy
  9222 | D:8      | Reached XP level 10. HP: 33/76 MP: 17/17
  9228 | D:8      | Noticed an ice statue
  9357 | D:8      | Reached skill level 5 in Spellcasting
  9774 | D:8      | Gained mutation: You expend magic power (3 MP) to strengthen your wands. [a neqoxec]
  9782 | D:8      | Noticed a smoke demon
  9788 | D:8      | Killed an obsidian statue
 10082 | D:9      | HP: 2/76 [orc priest/divine providence (10)]
 10084 | D:9      | Succumbed to a water moccasin's poison

Vault maps used:
D:1:      lemuel_arrival_tunnels, st_stairs_11
D:3:      kennysheep_ying_yang, okawaru_gym_becter, first_bread,
          portal_sewer_entry_b, bloody_trog, uniq_natasha, uniq_jessica
D:4:      uniq_duvessa
D:5:      corexii_shantytown, temple_pool_b, serial_shops, shop
D:6:      serial_bayou_pond_e
D:8:      minmay_separated_statues
D:9:      chequers_temple_overflow_statue_of_worship, xom_teletrap_fun,
          david_orc_5, hangedman_little_slice_of_home
Temple:   dpeg_chambers_temple
Sewer:    sewer_the_crocodile

Skill      XL: |  1  2  3  4  5  6  7  8  9 10 |
---------------+-------------------------------+-----
Stealth        | 4 5 6 |  6.3
Short Blades   | 1 2 3 |  3.2
Dodging        | 1 2 3 4 |  4.5
Fighting       | 4 5 6 |  6.2
Armour         | 1 2 3 4 |  4.1
Long Blades    | 1 3 4 |  4.9
Necromancy     | 2 5 |  5.7
Spellcasting   | 2 4 5 |  5.2
Polearms       | 2 |  2.9
Slings         | |  0.1
Throwing       | |  0.3
Shields        | |  1.7
Unarmed Combat | |  1.0
Evocations     | |  0.2

Action                   |  1- 3 |  4- 6 |  7- 9 | 10-12 || total
-------------------------+-------+-------+-------+-------++-------
Melee: Dagger            |   150 |   104 |    38 |       ||   292
       Punch             |     1 |       |     3 |       ||     4
       Falchion          |       |    62 |   256 |       ||   318
       Trident           |       |       |    50 |    73 ||   123
       Peck              |       |       |     7 |     9 ||    16
 Fire: Hunting sling     |     1 |    13 |     1 |       ||    15
Throw: Javelin           |       |     3 |     2 |       ||     5
 Cast: Animate Skeleton  |       |     1 |    17 |       ||    18
       Pain              |       |       |    34 |    11 ||    45
       Vampiric Draining |       |       |     5 |     4 ||     9
       Animate Dead      |       |       |     4 |     2 ||     6
       Control Undead    |       |       |     2 |       ||     2
Evoke: Wand              |       |     7 |     5 |     2 ||    14
  Use: Potion            |     1 |     2 |     2 |     6 ||    11
       Scroll            |       |     7 |     1 |       ||     8
 Stab: Sleeping          |     9 |     7 |    24 |     1 ||    41
       Distracted        |       |       |     1 |       ||     1
  Eat: Chunk             |     1 |     3 |    11 |       ||    15
       Royal jelly       |     1 |       |       |       ||     1
       Bread ration      |       |     1 |     1 |     1 ||     3
       Meat ration       |       |       |     1 |       ||     1
       Fruit             |       |       |     1 |       ||     1
Armor: Robe              |    40 |    15 |       |       ||    55
       Skin              |       |    97 |     4 |   292 ||   393
       Leather armour    |       |    16 |   119 |    21 ||   156
Dodge: Dodged            |    87 |    76 |   181 |    52 ||   396
       Rpst.: Falchion   |       |    10 |    57 |       ||    67
